 Dungeon Crawl Stone Soup version 0.14-a0-2124-ga163777 (webtiles) character file.

282 M4edhros the Vandal (level 5, -4/33 HPs)
             Began as an Octopode Hunter on Jan 27, 2014.
             Slain by a worm (11 damage)
             ... in a sewer.
             The game lasted 00:02:54 (1901 turns).

M4edhros the Vandal (Octopode Hunter)               Turns: 1901, Time: 00:02:54

HP  -4/33        AC  1     Str 11      XL: 5   Next: 58%
MP   5/5         EV 12     Int 14      God:
Gold 104         SH  0     Dex 13      Spells:  0 memorised,  4 levels left

rFire  . . .     SeeInvis .     b - +1 sling
rCold  . . .     Clarity  .     (no shield)
rNeg   . . .     Conserve .     (helmet restricted)
rPois  .         rCorr    .     (no amulet)
rElec  .         rRot     .     (no ring)
SustAb . .       Spirit   .     (no ring)
rMut   .         Warding  .     (no ring)
Saprov . . .     Stasis   .     (no ring)
MR     .....                    (no ring)
                                (no ring)
                                (no ring)
                                (no ring)

@: not resistant to hostile enchantments, stealthy
A: almost no armour, amphibious, 8 rings, constrict 8, camouflage 1, gelatinous
body 1
a: no special abilities


You were in a sewer.
You were very hungry.

You visited 1 branch of the dungeon, and saw 3 of its levels.
You also visited: Sewer.

You collected 104 gold pieces.

Inventory:

Hand weapons
 a - a +0,+0 short sword
 b - a +1,+1 sling (weapon)
 d - a +1,+1 elven whip of venom
Missiles
 c - 27 sling bullets
 j - 12 stones (quivered)
Comestibles
 f - 4 bread rations
Scrolls
 e - 4 scrolls of teleportation {unknown}
 g - 2 scrolls of fog {unknown}
 h - a scroll of amnesia {unknown}
 i - a scroll of identify {unknown}
 m - a scroll of enchant weapon II {unknown}
 n - 2 scrolls of remove curse {unknown}
 o - a scroll of recharging {unknown}
 p - a scroll of curse jewellery {unknown}
 q - a scroll of curse armour {unknown}
 r - a scroll of fear {unknown}
Potions
 k - a potion of heal wounds
 l - a potion of porridge


   Skills:
 - Level 1.0 Fighting
 + Level 6.6 Slings
 - Level 2.0 Dodging
 - Level 1.3 Stealth


You had 4 spell levels left.
You didn't know any spells.

Dungeon Overview and Level Annotations

Branches:
Dungeon (3/16)

Altars:
Sif Muna
Vehumet


Innate Abilities, Weirdness & Mutations

You cannot wear most types of armour.
You are amphibious.
You can wear up to eight rings at the same time.
You can use your tentacles to constrict many enemies at once.
Your skin changes colour to match your surroundings (Stlth).
Your rubbery body absorbs attacks (AC +1).


Message History

Firing (i - inventory. (,) - cycle):
j - 15 stones (quivered)
Press: ? - help, Shift-Dir - straight line, f/p - worm
Aim: a worm (almost dead)
You shoot a stone. The stone hits the worm.
You kill the worm!
The worm bites you.
Firing (i - inventory. (,) - cycle):
j - 14 stones (quivered)
Press: ? - help, Shift-Dir - straight line, f - worm
Aim: a worm You shoot a stone.
The stone hits the worm.
The worm is moderately wounded.
Firing (i - inventory. (,) - cycle):
j - 13 stones (quivered)
Press: ? - help, Shift-Dir - straight line, f/p - worm
Aim: a worm (moderately wounded)
You shoot a stone. The stone hits the worm.
The worm is moderately wounded.
The worm bites you!
* * * LOW HITPOINT WARNING * * *
The worm bites you!
You die...

#################################
≈≈≈≈≈≈≈≈≈≈≈≈≈.≈.≈≈≈≈≈≈.≈≈≈..≈.≈≈≈
≈≈≈≈≈≈≈≈≈≈≈≈≈≈≈≈≈≈≈≈≈≈≈≈≈≈≈≈≈≈≈≈≈
≈≈≈≈≈≈≈≈≈≈≈....≈≈≈≈≈≈≈≈.≈.≈≈≈.≈≈≈
#######≈≈≈#######################
#≈≈≈# ###### # #≈≈≈# #.... #
#≈≈≈#####ww#####++# #
#.≈≈≈.≈...@........ #
#.≈≈≈≈............. #
#≈≈≈#####''#####++# # #.≈≈#
#![[.# # #≈≈≈# ###### #
#≈≈≈#######################
#≈≈≈≈≈≈≈≈...≈≈≈≈.≈≈≈≈.≈≈≈≈≈
#.≈.≈≈≈≈≈≈≈≈≈≈≈≈≈≈≈≈≈≈≈≈≈≈≈
#≈≈≈≈.≈≈≈≈≈.≈≈≈.≈≈≈≈≈≈≈≈≈≈≈


You could see 2 worms.

Vanquished Creatures
  A big fish (Sewer)
  4 adders
  2 giant mites
  4 worms
  5 giant geckos
  3 oozes
  An orc (D:3)
  A ball python (Sewer)
  9 bats
  5 giant cockroaches
  4 goblins (D:1)
  5 hobgoblins
  10 kobolds
  A quokka (D:3)
  A giant newt (Sewer)
  8 jackals
  7 rats
71 creatures vanquished.

Notes
Turn   | Place    | Note
--------------------------------------------------------------
     0 | D:1      | M4edhros, the Octopode Hunter, began the quest for the Orb.
     0 | D:1      | Reached XP level 1. HP: 13/13 MP: 1/1
   120 | D:1      | Reached XP level 2. HP: 15/18 MP: 2/2
   745 | D:2      | Reached XP level 3. HP: 23/23 MP: 3/3
   754 | D:2      | Reached skill level 5 in Slings
   896 | D:2      | Found a deep blue altar of Sif Muna.
   965 | D:3      | Reached XP level 4. HP: 28/28 MP: 4/4
  1018 | D:3      | Found a radiant altar of Vehumet.
  1244 | D:3      | Reached skill level 6 in Slings
  1268 | D:3      | Found a glowing drain.
  1303 | Sewer    | Entered a sewer
  1307 | Sewer    | Reached XP level 5. HP: 22/33 MP: 5/5
  1901 | Sewer    | Slain by a worm

Action                   |  1- 3 |  4- 6 || total
-------------------------+-------+-------++-------
Melee: Whip              |    10 |       ||    10
       Short sword       |     9 |       ||     9
 Fire: Sling             |    55 |   138 ||   193
  Use: Potion            |     5 |       ||     5
 Stab: Sleeping          |     1 |       ||     1
